 Dungeon Crawl Stone Soup version 0.24-a0-479-g9a978d2894 (webtiles) character file.

Game seed: 7460407544209908910

2299 pk666 the Thaumaturge (level 9, -2/44 (45) HPs)
             Began as a Deep Elf Wizard on July 9, 2019.
             Slain by Harold
             ... wielding a +0 glaive
              (24 damage)
             ... on level 8 of the Dungeon.
             The game lasted 00:15:38 (9382 turns).

pk666 the Thaumaturge (Deep Elf Wizard)             Turns: 9382, Time: 00:15:39

HP:   -2/44 (45)    AC:  3    Str:  4    XL:     9   Next: 17%
MP:   2/24          EV: 20    Int: 27    God:
Gold: 354           SH:  0    Dex: 17    Spells: 17/26 levels left

rFire    + . .     SeeInvis .   D - +2 dagger (venom)
rCold    + . .     Gourm    .   (no shield)
rNeg     . . .     Faith    +   a - +0 robe
rPois    .         Spirit   .   b - +0 hat
rElec    .         Reflect  .   E - scarf {rC+ rF+}
rCorr    .         Harm     .   (no gloves)
MR       .....                  c - +0 pair of boots (curse)
Stlth    ++........             n - amulet of faith
HPRegen  0.14/turn              I - +4 ring of evasion
MPRegen  0.19/turn              x - +4 ring of dexterity

@: no status effects
A: no striking features
a: no special abilities


You were on level 8 of the Dungeon.
You were hungry.

You visited 2 branches of the dungeon, and saw 9 of its levels.

You collected 354 gold pieces.

Inventory:

Hand Weapons
 D - a +2 dagger of venom (weapon)
Armour
 a - a +0 robe (worn)
 b - a +0 hat (worn)
 c - a cursed +0 pair of boots (worn)
 E - a scarf of resistance (worn)
Jewellery
 g - an uncursed ring of protection from cold
 l - an uncursed ring of protection from cold
 n - an amulet of faith (around neck)
 x - a +4 ring of dexterity (right hand)
 I - a +4 ring of evasion (left hand)
Wands
 k - a wand of flame (18)
 r - a wand of iceblast (8)
 z - a wand of digging (5)
 A - a wand of acid (3)
 G - a wand of polymorph (9)
Scrolls
 f - 8 scrolls of identify
 h - 4 scrolls of remove curse {unknown}
 i - a scroll of amnesia {unknown}
 m - 5 scrolls of teleportation {unknown}
 q - 4 scrolls of immolation {unknown}
 s - 3 scrolls of fear {unknown}
 t - a scroll of fog {unknown}
 y - a scroll of enchant weapon {unknown}
 C - 2 scrolls of magic mapping {unknown}
 F - 2 scrolls of enchant armour {unknown}
Potions
 e - 2 potions of degeneration {unknown}
 j - 5 potions of might
 o - a potion of heal wounds
 p - 3 potions of lignification {unknown}
 u - a potion of agility {unknown}
 v - a potion of brilliance {unknown}
 w - 2 potions of flight {unknown}
 B - 2 potions of cancellation {unknown}
 H - a potion of mutation {unknown}
Comestibles
 d - 8 rations


   Skills:
 + Level 6.2 Dodging
 - Level 2.4 Stealth
 + Level 9.0 Spellcasting
 + Level 6.5 Conjurations
   Level 1.1 Summonings
 - Level 3.0 Translocations
 + Level 6.1 Fire Magic
 - Level 2.0 Air Magic
 - Level 3.0 Poison Magic


You had 17 spell levels left.
You knew the following spells:

 Your Spells              Type           Power        Failure   Level  Hunger
a - Magic Dart            Conj           ####         1%          1    None
b - Blink                 Tloc           N/A          1%          2    None
c - Conjure Flame         Conj/Fire      #####...     1%          3    None
d - Mephitic Cloud        Conj/Pois/Air  ####....     3%          3    None

Your spell library contained the following spells:

 Spells                   Type           Power        Failure   Level  Hunger
 Animate Skeleton         Necr           N/A          4%          1    None
 Confusing Touch          Hex            ##....       4%          1    None
 Pain                     Necr           ##..         4%          1    None
 Call Imp                 Summ           ###.....     4%          2    None
 Gell's Gravitas          Tloc           ####......   4%          3    None
 Slow                     Hex            ##......     7%          2    None
 Confuse                  Hex            ##......     14%         3    None
 Regeneration             Chrm/Necr      ##........   14%         3    None
 Vampiric Draining        Necr           ##........   14%         3    None
 Animate Dead             Necr           N/A          43%         4    #......
 Petrify                  Tmut/Erth      ##......     43%         4    #......
 Metabolic Englaciation   Hex/Ice        ##........   78%         5    ####...
 Yara's Violent Unravell  Hex/Tmut       ##........   78%         5    ####...


Dungeon Overview and Level Annotations

Branches:
Dungeon (8/15)             Temple (1/1) D:7
   Lair: D:8-11

Altars:
Ashenzari
Cheibriados
Dithmenos
Elyvilon
Gozag
Hepliaklqana
Kikubaaqudgha
Makhleb
Nemelex Xobeh
Okawaru
Qazlal
Ru
Sif Muna
Trog
Uskayaw
Wu Jian
Xom
Yredelemnul
Zin
The Shining One

Shops:
D:4 *

Annotations:
D:8 Harold


Message History

Aiming: Conjure Flame (safe; 1% risk of failure)
Press: ? - help, Dir - move target cursor The fire ignites!
Casting: Conjure Flame (safe; 1% risk of failure)
Confirm with . or Enter, or press ? or * to list all spells.
Aiming: Conjure Flame (safe; 1% risk of failure)
Press: ? - help, Dir - move target cursor The fire ignites!
Harold is engulfed in blazing flames.
Harold looks very confused.
A howler monkey comes into view.
Casting: Conjure Flame (safe; 1% risk of failure)
Confirm with . or Enter, or press ? or * to list all spells.
You don't have enough magic to cast that spell.
You struggle against the net.
Harold is engulfed in blazing flames.
You struggle against the net.
Harold hits you with a +0 glaive!!
Ouch! That really hurt!
The howler monkey howls!
You shred the net and break free! Harold hits you with a +0 glaive!!
Ouch! That really hurt!
You die...

## ##..........# .#
###..........#
.#####.....)......#
.........##.......#
.....#######......#
..#### ##.....##
.## #.<.....## .#
##......§.#... .##
##...#(@@§h.... ..#
##..#####.§§.<..
..# ##..## #.§.?..
..# ##..## ##.###
..#####..## #
#..##...##
#......## ###....#
#....#


You could see Harold (confused) and a howler monkey.

Vanquished Creatures
  An ugly thing (D:8)
  2 hippogriffs (D:7)
  A hungry ghost (D:8)
  Duvessa (D:7)
  A sky beast (D:6)
  A phantom (D:6)
  A necrophage (D:7)
  A centaur (D:6)
  3 bullfrogs
  Dowan (D:7)
  3 crimson imps
  3 hounds
  A jelly (D:6)
  An orc priest (D:7)
  4 bullfrog skeletons
  2 iguanas
  An orc wizard (D:3)
  3 worker ants
  A hound skeleton (D:6)
  A howler monkey skeleton (D:4)
  8 adders
  A shadow imp (D:7)
  An ooze (D:2)
  3 adder skeletons
  2 adder zombies (D:6)
  5 worms
  2 dart slugs
  3 leopard geckos
  9 orcs
  2 ball pythons
  6 bats
  4 giant cockroaches
  6 goblins
  8 hobgoblins
  6 jackals
  3 kobolds
  5 quokkas
  10 frilled lizards
  A quokka skeleton (D:6)
  A quokka zombie (D:5)
  9 rats
128 creatures vanquished.

Notes
Turn   | Place    | Note
-------+----------+-------------------------------------------
     0 | D:1      | pk666 the Deep Elf Wizard began the quest for the Orb.
     0 | D:1      | Reached XP level 1. HP: 10/10 MP: 7/7
   374 | D:1      | Reached XP level 2. HP: 15/15 MP: 3/9
  1136 | D:2      | Reached XP level 3. HP: 19/19 MP: 4/11
  1140 | D:2      | Learned a level 2 spell: Blink
  1144 | D:2      | Learned a level 3 spell: Conjure Flame
  1148 | D:2      | Learned a level 3 spell: Mephitic Cloud
  1156 | D:2      | Reached skill level 5 in Spellcasting
  1675 | D:2      | Reached XP level 4. HP: 24/24 MP: 9/13
  1951 | D:2      | Reached skill level 1 in Poison Magic
  1954 | D:2      | Reached skill level 1 in Air Magic
  2055 | D:2      | Reached skill level 1 in Fire Magic
  2528 | D:3      | Found a sparkling altar of Nemelex Xobeh.
  2608 | D:3      | Reached XP level 5. HP: 28/28 MP: 10/14
  2925 | D:3      | Found a faded altar of an unknown god.
  3279 | D:4      | Found Intaluow's Assorted Antiques.
  3705 | D:4      | Reached XP level 6. HP: 31/32 MP: 10/16
  4186 | D:5      | Entered Level 5 of the Dungeon
  4578 | D:5      | Found an iron altar of Okawaru.
  4883 | D:5      | Reached skill level 6 in Spellcasting
  5185 | D:5      | Found a bloodstained altar of Trog.
  5548 | D:6      | Noticed a sky beast
  5558 | D:6      | Killed a sky beast
  5558 | D:6      | Reached XP level 7. HP: 10/36 MP: 3/18
  5860 | D:6      | Found a shimmering altar of Xom.
  6555 | D:6      | Reached skill level 7 in Spellcasting
  6596 | D:6      | Found an opulent altar of Gozag.
  6596 | D:6      | Found an iron altar of Okawaru.
  7292 | D:7      | Noticed Duvessa
  7292 | D:7      | Noticed Dowan
  7302 | D:7      | Killed Duvessa
  7302 | D:7      | Reached XP level 8. HP: 41/41 MP: 4/20
  7305 | D:7      | Killed Dowan
  7486 | D:7      | Noticed a hippogriff
  7529 | D:7      | Killed a hippogriff
  7529 | D:7      | Reached skill level 5 in Conjurations
  7949 | D:7      | Reached skill level 5 in Fire Magic
  8142 | D:7      | Found a staircase to the Ecumenical Temple.
  8149 | D:7      | Noticed a hippogriff
  8161 | D:7      | Killed a hippogriff
  8161 | D:7      | Reached skill level 5 in Dodging
  8161 | D:7      | Reached skill level 8 in Spellcasting
  8252 | Temple   | Entered the Ecumenical Temple
  8972 | D:8      | Noticed a brown ugly thing
  8990 | D:8      | Killed a brown ugly thing
  8990 | D:8      | Reached skill level 9 in Spellcasting
  8990 | D:8      | Reached XP level 9. HP: 7/44 MP: 8/24
  9365 | D:8      | Noticed Harold
  9382 | D:8      | Slain by Harold

Levels and vault maps discovered:
D:1:      beargit_arrival_greenhouse, layout_basic
D:2:      kennysheep_six_static_rooms, layout_rooms, minmay_box_of_dots
D:3:      layout_loops_ring, chequers_ecumenical_altar_simple_redux,
          nemelex_spade_bored_becter
D:4:      layout_cave_pools, serial_shops, nicolae_shop_overgrown_old_shop,
          bh_walls_and_bars
D:5:      layout_basic, bloody_trog, first_ration, okawaru_ov_weapons_minmay
D:6:      layout_loops_ring, nicolae_overflow_hidden_temple,
          chequers_temple_overflow_statue_of_worship
D:7:      layout_basic, minmay_temple_entry_arrows, uniq_duvessa
D:8:      layout_layer_cave, nemelex_xobeh_ov_fountains_minmay, enter_bailey_7,
          grunt_pizzeria, minmay_microvault, uniq_harold
Temple:   minmay_freezing_vapour_temple

Skill      XL: |  1  2  3  4  5  6  7  8 |
---------------+-------------------------+-----
Dodging        | 3 6 |  6.2
Conjurations   | 2 3 4 6 |  6.5
Spellcasting   | 5 6 7 9 |  9.0
Poison Magic   | 1 2 3 |  3.0
Air Magic      | 1 2 |  2.0
Fire Magic     | 1 2 4 6 |  6.1
Translocations | 2 3 |  3.0
Stealth        | |  2.4
Summonings     | |  1.1

Action                   |  1- 3 |  4- 6 |  7- 9 || total
-------------------------+-------+-------+-------++-------
Melee: Dagger            |       |       |    23 ||    23
 Cast: Magic Dart        |    95 |   182 |   179 ||   456
       Mephitic Cloud    |       |     3 |    13 ||    16
       Conjure Flame     |       |     6 |    20 ||    26
       Blink             |       |     2 |     8 ||    10
Evoke: Wand              |       |       |     2 ||     2
  Use: Scroll            |       |       |     2 ||     2
       Potion            |       |       |     2 ||     2
 Stab: Confused          |       |       |     1 ||     1
  Eat: Chunk             |     2 |    11 |     5 ||    18
       Ration            |       |       |     2 ||     2
Armor: Robe              |     3 |     6 |    10 ||    19
Dodge: Dodged            |     6 |    22 |    40 ||    68

Table legend:
 A = Non-vault XP
 B = Vault XP
 C = Vault XP percentage of total XP
 D = Non-vault monster count
 E = Vault monster count
 F = Vault count percentage of total count
                 A         B        C        D         E       F
            +---------+---------+-------+---------+---------+-------
      Total |    2479 |     806 |  24.5 |     117 |      11 |   8.6
            +---------+---------+-------+---------+---------+-------
        D:1 |      36 |       0 |   0.0 |      24 |       0 |   0.0
        D:2 |      84 |      34 |  28.8 |      23 |       8 |  25.8
        D:3 |      69 |       0 |   0.0 |      11 |       0 |   0.0
        D:4 |     247 |       0 |   0.0 |      15 |       0 |   0.0
        D:5 |     207 |       0 |   0.0 |      11 |       0 |   0.0
        D:6 |     706 |       0 |   0.0 |      15 |       0 |   0.0
        D:7 |     901 |     223 |  19.8 |      14 |       2 |  12.5
        D:8 |     229 |     549 |  70.6 |       4 |       1 |  20.0
            +---------+---------+-------+---------+---------+-------
